 Dungeon Sprint DCSS version bcrawl-1.27.1d (webtiles) character file.

Game seed: 13924716914531285822

508212 Freyura the Basher (level 6, -3/61 HPs)
             Began as a Sand Dwarf Skald on July 16, 2020.
             Slain by an ice beast (7 damage)
             ... in the Dungeon (Sprint IX: "|||||||||||||||||||||||||||||").
             The game lasted 00:02:05 (221 turns).

Freyura the Basher (Sand Dwarf Skald)                Turns: 221, Time: 00:02:05

Health: -3/61      AC:  3    Str: 15    XL:     6   Next: 7%
Magic:  2/12       EV: 14    Int: 14    God:
Gold:   0          SH:  6    Dex: 12    Spells: 11/14 levels left

rFire    . . .     SeeInvis .   a - +0 mace
rCold    . . .     Gourm    .   (shield restricted)
rNeg     . . .     Faith    .   b - +0 leather armour
rPois    .         Spirit   .   (no helmet)
rElec    .         Reflect  .   (no cloak)
rCorr    .         Harm     .   (no gloves)
MR       .....     NoTele   +   (no boots)
Stlth    +.........             (no amulet)
HPRegen  0.20/turn              (no ring)
MPRegen  0.13/turn              (no ring)

@: singing, slow
A: small, slowness 1, armour attunement
a: no special abilities


You were in the Dungeon.
You were not hungry.

You visited 1 branch

Inventory:

Hand Weapons
 a - a +0 mace (weapon)
Armour
 b - a +0 leather armour (worn)
Scrolls
 d - a scroll of fear
 k - a scroll of blinking
Potions
 f - a potion of curing
 h - a potion of haste
 i - 2 potions of magic
 j - a potion of berserk rage
Comestibles
 c - 2 chunks of flesh
 e - a ration {!d}


   Skills:
 * Level 8.0 Fighting
 * Level 9.6 Maces & Flails
 + Level 5.4 Armour
 - Level 1.5 Dodging
 + Level 4.5 Spellcasting
 + Level 5.3 Charms


You had 11 spell levels left.
You knew the following spells:

 Your Spells              Type           Power        Failure   Level  Hunger
a - Infusion              Chrm           ###.....     1%          1    None
b - Song of Slaying       Chrm           ###.....     3%          2    None

Your spell library contained the following spells:

 Spells                   Type           Power        Failure   Level  Hunger
 Ozocubu's Armour         Chrm/Ice       ##......     19%         3    ###....
 Regeneration             Chrm/Necr      ##........   19%         3    ###....
 Spectral Weapon          Hex/Chrm       ##......     19%         3    ###....


Dungeon Overview and Level Annotations

Branches:
Dungeon (1/1)

Altars:


Innate Abilities, Weirdness & Mutations

You are small and have problems with some larger weapons.
You cover ground slowly.
Armour does not affect your spellcasting.


Message History

* * * LOW HITPOINT WARNING * * *
The ice beast freezes you.
* * * LOW HITPOINT WARNING * * *
You hit the ice beast.
The ice beast is almost dead.
You block the ice beast's attack.
You feel much better. The ice beast hits you. The ice beast freezes you!
You hit the ice beast but do no damage.
The ice beast is almost dead.
The ice beast hits you. The ice beast freezes you!
* * * LOW HITPOINT WARNING * * *
You hit the ice beast but do no damage.
The ice beast is almost dead.
The ice beast closely misses you.
You hit the ice beast.
The ice beast is almost dead.
The ice beast hits you.
* * * LOW HITPOINT WARNING * * *
The ice beast freezes you!
You die...

▓+▓
▓.▓
▓.▓
▓.▓
▓.▓
▓Y▓
▓@▓
▓.▓
▓÷▓
▓.▓
▓.▓
▓.▓
▓)▓
▓.▓
▓.▓


You could see an ice beast.

Vanquished Creatures
  A sky beast (D)
  A centaur (D)
  A howler monkey (D)
  A worker ant (D)
  A leopard gecko (D)
  2 bats (D)
  A goblin (D)
  A jackal (D)
9 creatures vanquished.

Vanquished Creatures (others)
  A spatial maelstrom (D)
1 creature vanquished.

Grand Total: 10 creatures vanquished

Notes
Turn   | Place    | Note
-------+----------+-------------------------------------------
     0 | D        | Freyura the Sand Dwarf Skald began the quest for the Orb.
     0 | D        | Reached XP level 1. HP: 18/18 MP: 3/3
     2 | D        | Banished a spatial maelstrom
    18 | D        | Reached skill level 4 in Maces & Flails
    29 | D        | Reached XP level 2. HP: 4/26 MP: 3/5
   179 | D        | Learned a level 2 spell: Song of Slaying
   181 | D        | Noticed an ice beast
   181 | D        | Noticed a centaur
   181 | D        | Noticed a sky beast
   181 | D        | Noticed a howler monkey
   186 | D        | Killed a howler monkey
   186 | D        | Reached skill level 5 in Fighting
   186 | D        | Reached skill level 6 in Maces & Flails
   186 | D        | Reached XP level 3. HP: 29/36 MP: 0/7
   202 | D        | Killed a sky beast
   202 | D        | Reached skill level 8 in Maces & Flails
   202 | D        | Reached XP level 4. HP: 23/45 MP: 2/9
   202 | D        | Reached XP level 5. HP: 26/51 MP: 2/10
   211 | D        | Killed a centaur
   211 | D        | Reached skill level 9 in Maces & Flails
   211 | D        | Reached skill level 5 in Armour
   211 | D        | Reached skill level 5 in Charms
   211 | D        | Reached XP level 6. HP: 31/61 MP: 1/12
   221 | D        | Slain by an ice beast

Skill      XL: |  1  2  3  4  5 |
---------------+----------------+-----
Fighting       | 3 5 6 8 |  8.0
Maces & Flails | 4 6 8 9 |  9.6
Armour         | 2 3 4 5 |  5.4
Spellcasting   | 3 4 |  4.5
Charms         | 4 5 |  5.3
Dodging        | |  1.5

Action                   |  1- 3 |  4- 6 || total
-------------------------+-------+-------++-------
Melee: Mace              |    41 |    17 ||    58
 Cast: Infusion          |     2 |       ||     2
       Song of Slaying   |     1 |     1 ||     2
  Use: Potion            |       |     1 ||     1
Armor: Leather armour    |    11 |     2 ||    13
Dodge: Dodged            |    28 |    10 ||    38
Block: Other             |     4 |     2 ||     6
